Map: World of Sleepers LE

Players

AlacranRojo - Winner!

  • Race: Protoss Protoss
  • League: Diamond
  • Spawn Location: 1:00

pHARM

  • Race: Zerg Zerg
  • League: Platinum
  • Spawn Location: 7:00

VOD

Have the link to the VOD?

Description

Time

  • Played on: Sept. 14, 2019, 3:28 p.m.
  • Length: 11:24
Show
View Real Time Build Order
Export as new Build Order

AlacranRojo Protoss - Winner!

Build Orders: 1 Gate Expand 

Get SALT Encoding   

  12  0:02  Probe  
  13  0:14  Pylon  
  13  0:18  Probe (Chrono Boost)  
  15  0:29  Probe (Chrono Boost)  
  15  0:37  Gateway  
  15  0:41  Probe  
  16  0:48  Assimilator  
  16  0:54  Probe  
  17  1:06  Probe (Chrono Boost)  
  18  1:17  Probe (Chrono Boost)  
  19  1:22  Probe (Chrono Boost)  
  20  1:26  Cybernetics Core  
  20  1:32  Probe  
  21  1:44  Nexus  
  21  1:49  Probe  
  22  1:58  Pylon  
  22  2:02  Probe  
  22  2:04  Warp Gate  
  23  2:16  Probe  
  24  2:24  Gateway  
  24  2:27  Gateway  
  24  2:28  Probe  
  26  2:51  Probe  
  26  2:54  Stalker  
  28  2:59  Robotics Facility  
  28  3:04  Probe x2 (Chrono Boost)  
  30  3:08  Shield Battery  
  31  3:14  Probe (Chrono Boost)  
  31  3:15  Probe (Chrono Boost), Assimilator  
  31  3:19  Pylon, Probe (Chrono Boost)  
  32  3:20  Probe (Chrono Boost)  
  34  3:31  Probe (Chrono Boost)  
  36  3:36  Probe (Chrono Boost)  
  36  3:41  Twilight Council, Probe (Chrono Boost)  
  37  3:44  Pylon  
  37  3:45  Probe (Chrono Boost)  
  37  3:47  Assimilator  
  37  3:48  Probe  
  40  3:58  Probe (Chrono Boost), Assimilator  
  40  4:00  Probe (Chrono Boost)  
  41  4:05  Observer  
  41  4:09  Probe (Chrono Boost)  
  44  4:11  Probe (Chrono Boost)  
  44  4:14  Probe (Chrono Boost)  
  45  4:19  Probe  
  45  4:20  Blink  
  46  4:26  Probe  
  47  4:31  Probe  
  47  4:35  Nexus  
  47  4:38  Pylon  
  48  4:41  Pylon  
  48  4:43  Stalker  
  48  4:44  Pylon  
  48  4:45  Sentry  
  52  4:46  Assimilator  
  52  4:47  Stalker  
  52  4:50  Probe x2  
  52  4:51  Assimilator  
  56  5:00  Pylon  
  56  5:02  Probe x2  
  56  5:03  Observer  
  59  5:08  Gateway  
  59  5:09  Gateway  
  59  5:12  Gateway  
  59  5:15  Probe x2 (Chrono Boost)  
  61  5:27  Probe x2 (Chrono Boost)  
  61  5:28  Gateway  
  63  5:31  Gateway  
  63  5:32  Probe x2 (Chrono Boost)  
  65  5:41  Shield Battery, Probe x2  
  65  5:42  Pylon  
  67  5:47  Gateway  
  67  5:52  Stalker x2  
  71  5:58  Probe x2  
  73  6:10  Probe  
  74  6:18  Sentry  
  76  6:21  Stalker x5  
  86  6:36  Probe  
  86  6:38  Probe  
  88  6:41  Pylon  
  88  6:42  Stalker x2  
  92  6:48  Probe  
  92  6:49  Stalker x3  
  92  6:51  Pylon  
  92  6:52  Stalker  
  101  7:05  Probe (Chrono Boost)  
  101  7:06  Dark Shrine  
  102  7:10  Stalker x4  
  102  7:13  Stalker  
  102  7:15  Pylon, Probe (Chrono Boost)  
  113  7:20  Probe (Chrono Boost)  
  112  7:23  Pylon  
  112  7:28  Stalker  
  112  7:29  Stalker x3  
  116  7:37  Charge  
  116  7:44  Nexus  
  116  7:48  Stargate  
  116  7:49  Stargate  
  116  7:50  Cybernetics Core  
  116  7:52  Pylon  
  116  7:55  Pylon  
  78  8:26  Dark Templar  
  78  8:27  Dark Templar x3  
  82  8:29  Dark Templar  
  74  9:10  Dark Templar x3  
  44  9:35  Dark Templar  
  44  9:36  Probe (Chrono Boost)  
  47  9:42  Probe (Chrono Boost)  
  45  9:47  Probe (Chrono Boost)  
  45  9:50  Probe (Chrono Boost)  
  45  9:52  Zealot x2  
  48  9:53  Probe (Chrono Boost), Zealot x2  
  48  9:55  Probe (Chrono Boost)  
  48  9:59  Assimilator  
  56  10:03  Probe, Assimilator  
  58  10:07  Probe  
  58  10:15  Probe  
  58  10:19  Probe, Dark Templar x2  
  58  10:42  Cybernetics Core  
  58  10:45  Forge  
  58  11:04  Nexus  
Show
View Real Time Build Order
Export as new Build Order

pHARM Zerg 

Build Orders: Hatch First 

Get SALT Encoding   

  12  0:01  Drone  
  13  0:16  Overlord  
  13  0:23  Drone  
  14  0:34  Drone x2  
  16  0:51  Hatchery  
  16  0:55  Drone  
  17  0:57  Drone  
  17  1:01  Drone  
  18  1:18  Spawning Pool  
  18  1:20  Drone  
  18  1:29  Drone  
  18  1:32  Drone  
  20  1:46  Extractor  
  19  1:48  Drone  
  20  2:05  Drone  
  20  2:06  Drone x2, Queen x2  
  27  2:14  Drone  
  28  2:30  Overlord  
  28  2:48  Pneumatized Carapace  
  28  2:49  Queen  
  30  2:51  Overlord  
  30  2:53  Drone x5  
  35  3:13  Metabolic Boost  
  35  3:22  Drone x7  
  35  3:23  Drone x2  
  44  3:28  Overlord  
  44  3:29  Evolution Chamber  
  44  3:30  Evolution Chamber  
  42  3:43  Overlord x2  
  42  3:51  Extractor  
  42  3:52  Extractor  
  42  3:53  Baneling Nest  
  39  3:59  Zergling x2  
  39  4:00  Zergling x10  
  45  4:14  Lair  
  45  4:27  Drone  
  45  4:28  Drone x7  
  53  4:37  Hatchery  
  52  4:45  Zerg Melee Weapons Level 1  
  52  5:09  Drone  
  52  5:10  Zergling x2  
  52  5:11  Zergling x18  
  52  5:13  Zerg Ground Armor Level 1  
  63  5:16  Centrifical Hooks  
  63  5:32  Overlord x3  
  63  5:39  Hydralisk Den  
  62  5:57  Zergling x2  
  62  5:58  Zergling x22  
  74  6:22  Grooved Spines  
  74  6:24  Zergling x16  
  82  6:32  Infestation Pit  
  81  6:50  Drone  
  81  6:51  Drone x7  
  89  6:54  Extractor  
  89  6:57  Zerg Melee Weapons Level 2  
  88  7:03  Baneling x12  
  88  7:14  Overlord x4  
  81  8:11  Zergling x2  
  81  8:12  Zergling x18  
  87  8:21  Spine Crawler  
  87  8:23  Spine Crawler  
  87  8:24  Baneling Nest  
  87  8:26  Spine Crawler x2  
  82  8:28  Spine Crawler  
  82  8:29  Zergling x2, Spine Crawler  
  82  8:30  Zergling x4, Spine Crawler  
  78  8:49  Spawning Pool  
  59  9:41  Hatchery  
  31  10:09  Drone x5  
  1  10:58  Drone  
  2  11:16  Spawning Pool  
  2  11:17  Hatchery  
Tags
 
Add a new tag
Caveats
  • Supply blocks, unpowered buildings, or Contaminate may cause inaccurate times.
  • Supply counts are checked every 10 seconds.